 Dungeon Crawl Stone Soup version 0.24-a0-274-gb3763e6 (webtiles) character file.

Game seed: 16717901277442461395

33 MatthieuS the Charmwright (level 3, 0/28 HPs)
             Began as a Human Skald on Apr 26, 2019.
             Succumbed to an adder's poison
             ... on level 2 of the Dungeon.
             The game lasted 00:02:34 (1512 turns).

MatthieuS the Charmwright (Human Skald)             Turns: 1512, Time: 00:02:35

Health: 0/28       AC:  6    Str: 11    XL:     3   Next: 47%
Magic:  6/6        EV: 14    Int: 14    God:
Gold:   61         SH:  7    Dex: 17    Spells: 5/6 levels left

rFire    . . .     SeeInvis .   a - +0 spear
rCold    . . .     Gourm    .   j - +0 shield
rNeg     + . .     Faith    .   i - +2 leather armour {rN+}
rPois    .         Spirit   .   g - +0 helmet
rElec    .         Reflect  .   (no cloak)
rCorr    .         Harm     .   (no gloves)
MR       .....     Rnd*Tele +   (no boots)
Stlth    ++........             (no amulet)
HPRegen  0.09/turn              h - ring of teleportation (curse)
MPRegen  0.10/turn              (no ring)

@: agile, lethally poisoned (0 -> -8)
A: no striking features
a: no special abilities


You were on level 2 of the Dungeon.
You were not hungry.

You visited 1 branch of the dungeon, and saw 2 of its levels.

You collected 61 gold pieces.

Inventory:

Hand Weapons
 a - a +0 spear (weapon)
Armour
 g - a +0 helmet (worn)
   (You found it on level 1 of the Dungeon)
 i - a +2 leather armour of positive energy (worn)
   (You found it on level 1 of the Dungeon)
 j - a +0 shield (worn)
   (You found it on level 1 of the Dungeon)
Jewellery
 h - a cursed ring of teleportation (left hand)
   (You found it on level 1 of the Dungeon)
Scrolls
 b - a scroll of amnesia {unknown}
 c - a scroll of identify {@r1}
 d - 3 scrolls of blinking
 k - a scroll of immolation {unknown}
 l - a scroll of remove curse {unknown}
Comestibles
 e - 4 rations


   Skills:
 + Level 2.4 Fighting
 + Level 2.4 Polearms
 - Level 1.0 Armour
 - Level 2.0 Dodging
 + Level 0.2 Shields
 + Level 2.3 Spellcasting
 + Level 3.3 Charms


You had 5 spell levels left.
You knew the following spells:

 Your Spells              Type           Power        Failure   Level  Hunger
a - Infusion              Chrm           ##..         45%         1    #......

Your spell library contained the following spells:

 Spells                   Type           Power        Failure   Level  Hunger
 Song of Slaying          Chrm           ##......     61%         2    ###....
 Shroud of Golubria       Chrm/Tloc      #.........   83%         2    ###....
 Regeneration             Chrm/Necr      #.........   97%         3    ###....
 Spectral Weapon          Hex/Chrm       #.......     97%         3    ###....


Dungeon Overview and Level Annotations

Branches:
Dungeon (2/15)

Altars:


Message History

An adder is nearby!
The adder hisses angrily.
The adder bites you but does no damage.
You miss the adder. The adder bites you.
You closely miss the adder. The adder bites you.
You are poisoned.
The adder poisons you!
You barely miss the adder.
You feel sick. You block the adder's attack. The adder barely misses you.
You miss the adder.
You feel sick. You block the adder's attack.
You hit the adder but do no damage. You block the adder's attack.
You barely miss the adder.
You feel sick. The adder bites you.
You are more poisoned.
The adder poisons you! The adder bites you.
* * * LOW HITPOINT WARNING * * *
You miss the adder.
You feel sick. The adder closely misses you. The adder bites you.
* * * LOW HITPOINT WARNING * * *
You are lethally poisoned!
The adder poisons you!
It was a potion of agility.
You feel agile all of a sudden.
* * * LOW HITPOINT WARNING * * *
You feel sick. The adder bites you but does no damage.
You hit the adder.
* * * LOW HITPOINT WARNING * * *
You feel sick. The adder bites you.
* * * LOW HITPOINT WARNING * * *
You miss the adder.
* * * LOW HITPOINT WARNING * * *
You feel sick. The adder bites you.
* * * LOW HITPOINT WARNING * * *
You block the adder's attack.
You barely miss the adder.
* * * LOW HITPOINT WARNING * * *
You feel sick. You block the adder's attack.
You hit the adder but do no damage.
* * * LOW HITPOINT WARNING * * *
You feel sick. You block the adder's attack.
You hit the adder.
* * * LOW HITPOINT WARNING * * *
You feel sick. You block the adder's attack. x2
You miss the adder.
* * * LOW HITPOINT WARNING * * *
You feel sick. The adder bites you but does no damage.
You closely miss the adder.
* * * LOW HITPOINT WARNING * * *
You feel sick. The adder barely misses you.
You hit the adder.
You die...

#...#.#..
#####.###
#...#.#..
#.#.#.#.#
#.#.#.#
#.###.###
#........
###########
#########
......S@..#
#########.# #.#
#.# #.#
#.##############
#...............
################


You could see an adder.

Vanquished Creatures
  2 dart slugs
  2 leopard geckos (D:1)
  2 ball pythons (D:2)
  A giant cockroach (D:1)
  4 goblins (D:1)
  2 hobgoblins (D:1)
  3 kobolds (D:1)
  4 bats (D:1)
  5 frilled lizards
  4 rats
29 creatures vanquished.

Notes
Turn   | Place    | Note
-------+----------+-------------------------------------------
     0 | D:1      | MatthieuS the Human Skald began the quest for the Orb.
     0 | D:1      | Reached XP level 1. HP: 16/16 MP: 3/3
    62 | D:1      | Reached XP level 2. HP: 15/22 MP: 0/5
   492 | D:1      | Reached XP level 3. HP: 28/28 MP: 6/6
  1511 | D:2      | HP: 1/28 [poisoned by an adder]
  1512 | D:2      | Succumbed to an adder's poison

Levels and vault maps discovered:
D:1:      minmay_arrival_stone_box, layout_basic, serial_corexii_hall,
          corexii_hall_statues_l, chequers_hall_statues_y,
          corexii_hall_statues_i, corexii_hall_statues_i
D:2:      mumra_celtic_spiral_tile, layout_rooms

Action                   || total
-------------------------++-------
Melee: Spear             ||    97
 Cast: Infusion          ||     9
  Use: Scroll            ||     1
       Potion            ||     1
 Stab: Sleeping          ||     2
  Eat: Chunk             ||     2
Armor: Leather armour    ||    24
Dodge: Dodged            ||    36
Block: Shield            ||    12

Table legend:
 A = Non-vault XP
 B = Vault XP
 C = Vault XP percentage of total XP
 D = Non-vault monster count
 E = Vault monster count
 F = Vault count percentage of total count
                 A         B        C        D         E       F
            +---------+---------+-------+---------+---------+-------
      Total |      48 |       0 |   0.0 |      29 |       0 |   0.0
            +---------+---------+-------+---------+---------+-------
        D:1 |      37 |       0 |   0.0 |      23 |       0 |   0.0
        D:2 |      11 |       0 |   0.0 |       6 |       0 |   0.0
            +---------+---------+-------+---------+---------+-------
